 Dungeon Crawl Stone Soup version 0.29.1-15-g9cfb28693d (console) character file.

Game seed: 11592457109584695231

6351 om the Nimble (level 11, -6/73 HPs)
             Began as a Djinni Fire Elementalist on Mar 17, 2023.
             Was an Initiate of Ashenzari.
             Mangled by an orc warrior
             ... wielding a +2 glaive of pain
              (16 damage)
             ... on level 9 of the Dungeon on Mar 20, 2023.
             The game lasted 00:29:36 (14793 turns).

om the Nimble (Djinni Fire Elementalist)           Turns: 14793, Time: 00:29:38

Health: -6/73      AC:  3    Str:  7    XL:     11   Next: 17%
Gold:   794        EV: 16    Int: 18    God:    Ashenzari [......] SH:  6 Dex: 17

rFire   + + +      SeeInvis .   K - +1 dagger (drain)
rCold   . . .      Faith    .   C - +0 buckler
rNeg    + . .      Spirit   .   a - +0 robe
rPois   ∞          Reflect  .   (no helmet)
rElec   .          Harm     .   v - scarf {rC+ rF+}
rCorr   .          Rampage  .   w - +0 pair of gloves
Will    +....                   (boots unavailable)
Stlth   ++........              (no amulet)
HPRegen 0.22/turn               j - ring of wizardry
MPRegen 0.00/turn               g - ring of positive energy

@: flying
A: sickness immunity, fire resistance 2, cold vulnerability 1, float, innate
caster, HP casting, extra vitality 1
a: Renounce Religion, Curse Item


You were on level 9 of the Dungeon.
You worshipped Ashenzari.
Ashenzari was noncommittal.
You visited 2 branches of the dungeon, and saw 10 of its levels.
You also visited: Sewer, Ossuary and Bailey.

You collected 794 gold pieces.

Inventory:

Hand Weapons
 D - a +0 sling
 K - a +1 dagger of draining (weapon)
Armour
 a - a +0 robe (worn)
 m - the +2 robe of Fitsicef {+Blink rPois Will+ Int+2}
   (You found it on level 9 of the Dungeon)

   Int:       It affects your intelligence (+2).
   rPois:     It protects you from poison.
   +Blink:    It lets you blink.
   Will:      It increases your willpower.
 v - a scarf of resistance (worn)
 w - a +0 pair of gloves (worn)
 C - a +0 buckler (worn)
Jewellery
 c - a +6 ring of intelligence
 g - a ring of positive energy (right hand)
 j - a ring of wizardry (left hand)
 k - a +6 ring of intelligence
 l - a ring of see invisible
 r - a ring of see invisible
 s - a ring of protection from cold
Wands
 A - a wand of mindburst (29)
 B - a wand of roots (7)
 E - a wand of light (7)
Scrolls
 b - 4 scrolls of vulnerability
 d - 3 scrolls of immolation
 h - 2 scrolls of fog {unknown}
 n - 2 scrolls of fear {unknown}
 o - 6 scrolls of teleportation
 q - 3 scrolls of magic mapping {unknown}
 x - a scroll of poison {unknown}
 y - 3 scrolls of amnesia {unknown}
 F - 2 scrolls of enchant armour {unknown}
 J - 2 scrolls of acquirement {unknown}
Potions
 e - a potion of attraction {unknown}
 f - 4 potions of curing
 i - 7 potions of haste
 p - 2 potions of magic {unknown}
 t - 2 potions of brilliance
 u - 15 potions of degeneration
 z - 2 potions of lignification {unknown}
 G - 2 potions of invisibility {unknown}
 H - 3 potions of might {unknown}
 I - 2 potions of mutation {unknown}


   Skills:
 - Level 4.0 Fighting
 * Level 5.7 Short Blades
 - Level 2.7 Ranged Weapons
 + Level 3.7 Armour
 * Level 8.1 Dodging
 - Level 2.0 Stealth
 - Level 5.0 Shields
 - Level 8.0 Spellcasting


You couldn't memorise any spells.
You knew the following spells:

 Your Spells              Type           Power      Damage    Failure   Level
a - Foxfire               Conj/Fire      100%       2x1d9     1%          1
b - Scorch                Fire           72%        2d9       1%          2
c - Conjure Flame         Conj/Fire      36%        6-21      1%          3
d - Inner Flame           Hex/Fire       36%        N/A       1%          3
e - Flame Wave            Conj/Fire      36%        2d10      1%          4
f - Sting                 Tmut/Pois      100%       1d8       1%          1
g - Poisonous Vapours     Pois/Air       72%        N/A       1%          2
h - Portal Projectile     Hex/Tloc       72%        N/A       1%          3
i - Passage of Golubria   Tloc           36%        N/A       1%          4
j - Silence               Hex/Air        18%        N/A       5%          5
Your spell library was empty.

Dungeon Overview and Level Annotations

Branches:
Dungeon (9/15)             Temple (1/1) D:7            Lair (0/5) D:8
  Sewer (visited)         Ossuary (visited)          Bailey (visited)
    Orc: D:9-12

Altars:
Ashenzari
Cheibriados
Dithmenos
Elyvilon
Fedhas
Gozag
Hepliaklqana
Makhleb
Qazlal
Ru
Trog
Uskayaw
Wu Jian
Xom
Yredelemnul
Zin
The Shining One

Annotations:
Temple 2 transporters


Innate Abilities, Weirdness & Mutations

You are immune to sickness and miasma.
You are immune to poison.
Your flesh is very heat resistant. (rF++)
You are vulnerable to cold. (rC-)
You float through the air rather than walking.
You learn spells naturally, not from books.
Your magical power is your life essence.
You have superior vitality. (+4 MHP)


Message History

The foxfire hits the orc warrior.
The orc warrior is lightly wounded.
Casting: Foxfire (safe; 1% risk of failure)
Confirm with . or Enter, or press ? or * to list all spells.
Flames lash the orc warrior but do no damage.
The orc warrior hits you from afar with a +2 glaive of pain!
Casting: Scorch (safe; 1% risk of failure)
Confirm with . or Enter, or press ? or * to list all spells.
Flames lash the orc warrior.
The orc warrior is moderately wounded.
The orc warrior's fire resistance burns away.
The orc warrior barely misses you.
Casting: Scorch (safe; 1% risk of failure)
Confirm with . or Enter, or press ? or * to list all spells.
Flames lash the orc warrior.
The orc warrior is burned terribly!
The orc warrior is heavily wounded.
The orc warrior closely misses you.
Casting: Scorch (safe; 1% risk of failure)
Confirm with . or Enter, or press ? or * to list all spells.
Flames lash the orc warrior.
The orc warrior is burned terribly!
The orc warrior is severely wounded.
The orc warrior hits you from afar with a +2 glaive of pain!!
* * * LOW HITPOINT WARNING * * *
Casting: Scorch (safe; 1% risk of failure)
Confirm with . or Enter, or press ? or * to list all spells.
Aiming: Sting (safe; 1% risk of failure)
Press: ? - help, Shift-Dir - straight line, f - orc warrior
Aim: an orc warrior, wielding a +2 glaive of pain and wearing a +0 chain mail (severely wounded, more vulnerable to fire, 75% to hit)
The sting hits the orc warrior but does no damage.
The orc warrior is poisoned.
The orc warrior is severely wounded.
* * * LOW HITPOINT WARNING * * *
The orc warrior hits you from afar with a +2 glaive of pain!
* * * LOW HITPOINT WARNING * * *
You writhe in agony.
* * * LOW HITPOINT WARNING * * *
Okay, then.
You feel better.
The orc warrior hits you from afar with a +2 glaive of pain!
You die...

### ....... ## ..#
....... .# #.#
.o..... .# #.#
....... .# #.#
..... .# #.##...
.# #..#.###### ##
#..o)......
#@######### #.#
##.... #.#
......##########.#
##...............#
...[...###..######
########....# .#
#...#### .## #...#


You could see an orc warrior (poisoned, combustible).

Vanquished Creatures
  2 vault guards (Bailey)
  Prince Ribbit (D:8)
  A blink frog (Bailey)
  Grinder (D:3)
  A vampire (D:9)
  A steam dragon (D:7)
  3 humans (Bailey)
  2 water moccasins
  2 sky beasts (D:7)
  An ice beast (D:7)
  2 centaurs
  2 ogres (D:5)
  The ghost of 0gre the Chiller, an amateur GnIE (D:3)
  A phantom (D:4)
  2 kobold brigands (D:8)
  17 bullfrogs
  A scorpion (D:6)
  Dowan (D:5)
  10 wights
  2 vampire bats (D:7)
  An electric eel (D:8)
  A human zombie (Ossuary)
  2 jellies
  Crazy Yiuf (D:7)
  An orc priest (D:9)
  4 hounds
  Jessica (D:3)
  4 iguanas
  An orc wizard (D:5)
  4 mummies (Ossuary)
  Robin (D:4)
  4 gnolls (D:9)
  9 adders
  8 river rats (Sewer)
  A shadow imp (D:8)
  3 ufetubi
  4 adder zombies (Ossuary)
  2 worms (D:5)
  15 orcs
  13 bats
  7 endoplasms
  5 giant cockroaches
  13 goblins
  5 hobgoblins
  4 jackals (D:1)
  16 kobolds
  A quokka (D:4)
  12 ball pythons
  7 frilled lizards
  A hobgoblin zombie (Ossuary)
  A jackal zombie (Ossuary)
  3 kobold zombies (Ossuary)
  An orc zombie (Ossuary)
  23 rats
  A rat zombie (Ossuary)
234 creatures vanquished.

Vanquished Creatures (collateral kills)
  Duvessa (D:5)
  A kobold (D:2)
  6 foxfires (D:2)
8 creatures vanquished.

Vanquished Creatures (others)
  524 foxfires
  7 fungi
  4 toadstools (D:2)
535 creatures vanquished.

Grand Total: 777 creatures vanquished

Notes
Turn   | Place    | Note
-------+----------+-------------------------------------------
     0 | D:1      | om the Djinni Fire Elementalist began the quest for the
                  | Orb.
     0 | D:1      | om set off with the following spells memorised: Foxfire,
                  | Scorch, Conjure Flame, Inner Flame, Flame Wave.
     0 | D:1      | Reached XP level 1. HP: 15/15 MP: 0/0
   193 | D:1      | Reached XP level 2. HP: 20/21 MP: 0/0
   654 | D:1      | Reached XP level 3. HP: 23/25 MP: 0/0
   654 | D:1      | Learned a level 1 spell: Sting
  2062 | D:3      | Reached XP level 4. HP: 25/31 MP: 0/0
  2252 | D:3      | Noticed Grinder
  2254 | D:3      | Noticed Jessica
  2259 | D:3      | Killed Jessica
  2267 | D:3      | Killed Grinder
  2268 | D:3      | Reached skill level 5 in Dodging
  2268 | D:3      | Reached XP level 5. HP: 18/35 MP: 0/0
  2268 | D:3      | Learned a level 2 spell: Poisonous Vapours
  2268 | D:3      | Reached XP level 6. HP: 21/40 MP: 0/0
  2771 | D:3      | Found a hazy altar of Hepliaklqana.
  2793 | D:3      | Found a runed translucent door.
  2795 | D:3      | Noticed 0gre's ghost (amateur GnIE)
  3166 | D:3      | Killed 0gre's ghost
  3461 | D:4      | Reached XP level 7. HP: 43/45 MP: 0/0
  3461 | D:4      | Learned a level 3 spell: Portal Projectile
  3602 | D:4      | Reached skill level 5 in Spellcasting
  3738 | D:4      | Noticed Robin
  3745 | D:4      | Killed Robin
  4327 | D:5      | Entered Level 5 of the Dungeon
  4336 | D:5      | Found a hide-covered altar of Uskayaw.
  4337 | D:5      | Found an ornate altar of the Wu Jian Council.
  4340 | D:5      | Found a snail-covered altar of Cheibriados.
  4653 | D:5      | Found a glowing drain.
  4661 | Sewer    | Entered a sewer
  4822 | Sewer    | Reached XP level 8. HP: 46/50 MP: 0/0
  5494 | D:5      | HP: 2/50 [iguana (12)]
  6113 | D:5      | Noticed Dowan
  6116 | D:5      | Noticed Duvessa
  6119 | D:5      | Killed Dowan
  6134 | D:5      | Killed Duvessa
  6533 | D:5      | Found a shadowy altar of Dithmenos.
  6534 | D:5      | Found an opulent altar of Gozag.
  6878 | D:5      | Found an ornate altar of the Wu Jian Council.
  6882 | D:5      | Found a hide-covered altar of Uskayaw.
  6884 | D:5      | Found a snail-covered altar of Cheibriados.
  7180 | D:5      | Found a shadowy altar of Dithmenos.
  7181 | D:5      | Found an opulent altar of Gozag.
  7350 | D:5      | Found an ornate altar of the Wu Jian Council.
  7352 | D:5      | Found a hide-covered altar of Uskayaw.
  7354 | D:5      | Found a snail-covered altar of Cheibriados.
  7648 | D:5      | Found an opulent altar of Gozag.
  7649 | D:5      | Found a shadowy altar of Dithmenos.
  8056 | D:6      | Reached XP level 9. HP: 41/55 MP: 0/0
  8056 | D:6      | Learned a level 4 spell: Passage of Golubria
  8878 | D:6      | Reached skill level 1 in Fighting
  8878 | D:6      | Reached skill level 1 in Shields
  9268 | D:7      | Reached skill level 1 in Ranged Weapons
  9638 | D:7      | Found a staircase to the Ecumenical Temple.
  9650 | Temple   | Entered the Ecumenical Temple
  9650 | Temple   | Found a transporter.
  9650 | Temple   | Found a transporter.
  9652 | Temple   | Found a transporter.
  9652 | Temple   | Found a transporter.
  9670 | Temple   | Became a worshipper of Ashenzari the Shackled
 10511 | D:7      | Found a runed translucent door.
 10512 | D:7      | Noticed Crazy Yiuf
 11126 | D:7      | Killed Crazy Yiuf
 11379 | D:8      | Found a sand-covered staircase.
 11384 | D:8      | Noticed Prince Ribbit
 11386 | Ossuary  | Entered an ossuary
 11725 | D:8      | Killed Prince Ribbit
 11726 | D:8      | Reached skill level 1 in Short Blades
 11734 | D:8      | Reached XP level 10. HP: 30/67 MP: 0/0
 11930 | D:8      | Found a white marble altar of Elyvilon.
 12296 | D:8      | Reached skill level 5 in Shields
 12551 | D:8      | Found a staircase to the Lair.
 12972 | D:9      | Reached skill level 1 in Armour
 13079 | D:9      | Identified the +2 robe of Fitsicef {+Blink rPois Will+
                  | Int+2}
 13103 | D:9      | Found a flagged portal.
 13135 | Bailey   | Entered a bailey
 14161 | Bailey   | Noticed a vault guard
 14188 | Bailey   | Killed a vault guard
 14189 | Bailey   | Reached skill level 5 in Short Blades
 14189 | Bailey   | Reached XP level 11. HP: 7/73 MP: 0/0
 14189 | Bailey   | Learned a level 5 spell: Silence
 14531 | Bailey   | Noticed a vault guard
 14566 | Bailey   | Killed a vault guard
 14738 | D:9      | Found a sacrificial altar of Ru.
 14793 | D:9      | Mangled by an orc warrior

Illustrated notes

Levels and vault maps discovered:
D:1:      arrival_zaba_pyramid, layout_rooms, st_stairs_14
D:2:      layout_basic, minmay_gold_behind_fungi, minmay_misc_feat_secret_circle
D:3:      kennysheep_six_static_rooms, layout_rooms,
          nicolae_hepliaklqana_hazy_memory, ebering_ghost_sewer_d, uniq_grinder,
          uniq_jessica
D:4:      layout_basic, uniq_robin
D:5:      layout_loops_ring, grunt_temple_overflow_open,
          nicolae_overflow_squiral, cheibrodos_sewer_entry_sluice, uniq_duvessa
D:6:      layout_basic
D:7:      layout_basic, minmay_temple_entry_mini_moons, roderic_batcave,
          minivault_22, uniq_crazy_yiuf_cottage
D:8:      layout_basic, elyvilon_altar_1, lair_entry_dummy, enter_ossuary_1,
          minivault_23, kennysheep_generic_room_5, uniq_prince_ribbit1
D:9:      layout_basic, nicolae_ru_awakened_eye, nemelex_spade_bored_becter,
          enter_bailey_7, minivault_13
Temple:   hellmonk_temple_divided_pantheon

Skill      XL: |  1  2  3  4  5  6  7  8  9 10 11 |
---------------+----------------------------------+-----
Stealth        | 2 |  2.0
Dodging        | 3 5 7 8 |  8.1
Spellcasting   | 3 4 5 7 8 |  8.0
Fighting       | 3 4 |  4.0
Shields        | 4 5 |  5.0
Ranged Weapons | 2 |  2.7
Short Blades   | 1 5 |  5.7
Armour         | 3 |  3.7

Action                   |  1- 3 |  4- 6 |  7- 9 | 10-12 || total
-------------------------+-------+-------+-------+-------++-------
Melee: Dagger            |     8 |       |    81 |    40 ||   129
       Unarmed           |     1 |       |       |       ||     1
       Punch             |     1 |       |       |       ||     1
 Cast: Foxfire           |    71 |    35 |   147 |    54 ||   307
       Scorch            |     3 |    12 |    90 |    71 ||   176
       Conjure Flame     |       |       |    12 |     6 ||    18
       Portal Projectile |       |       |     2 |       ||     2
       Flame Wave        |       |       |     2 |     2 ||     4
       Sting             |       |       |     9 |     5 ||    14
       Poisonous Vapours |       |       |     4 |     1 ||     5
       Passage of Golubr |       |       |     4 |       ||     4
       Inner Flame       |       |       |       |     4 ||     4
  Use: Scroll            |     2 |       |     5 |       ||     7
       Potion            |       |     3 |     2 |     3 ||     8
 Stab: Sleeping          |     1 |       |     3 |     3 ||     7
Armor: Robe              |     3 |     3 |    40 |     5 ||    51
Dodge: Dodged            |    13 |    13 |   150 |    58 ||   234
Block: Buckler           |       |       |    41 |    21 ||    62
